 Dungeon Crawl Stone Soup version 0.17.0-28-g6e173f8 (webtiles) character file.

18911 IcyTea the Slicer (level 12, -1/88 HPs)
             Began as a Demonspawn Enchanter on Nov 23, 2015.
             Was an Elder of Dithmenos.
             Slain by a seven-headed hydra (5 damage)
             ... on level 13 of the Dungeon.
             The game lasted 01:46:52 (15930 turns).

IcyTea the Slicer (Demonspawn Enchanter)           Turns: 15930, Time: 01:46:52

Health: -1/88      AC: 16    Str: 10    XL:     12   Next: 31%
Magic:  4/17       EV: 12    Int: 26    God:    Dithmenos [****..]
Gold:   431        SH:  3    Dex: 17    Spells: 4 memorised, 10 levels left

rFire  . . .     SeeInvis .     j - +2 rapier
rCold  + . .     Clarity  .     E - +2 leather armour "Ovuor" {Int+5 Dex-4}
rNeg   . . .     SustAt   .     (no shield)
rPois  .         Gourm    .     b - +2 hat
rElec  .         Spirit   .     l - +2 cloak
rCorr  .         Warding  .     n - +1 pair of gloves
rMut   .         Stasis   .     r - +0 pair of boots
MR     +....                    (no amulet)
Stlth  +++++.....               p - ring of protection from magic
                                D - +6 ring of dexterity

@: slowed, wreathed by umbra, very slow, somewhat resistant to hostile
enchantments, quite stealthy
A: horns 1, large bone plates 2, clever 1, cold resistance 1, low mp 1, spiny 2,
freezing cloud immunity
a: Shadow Step, Renounce Religion


You were on level 13 of the Dungeon.
You worshipped Dithmenos.
Dithmenos was greatly pleased with you.
You were hungry.

You visited 2 branches of the dungeon, and saw 14 of its levels.

You collected 843 gold pieces.
You spent 412 gold pieces at shops.

Inventory:

Hand Weapons
 j - a +2 rapier (weapon)
 H - a +2 vampiric dagger
 K - a +1 dagger of electrocution
Missiles
 e - a throwing net
 f - an exploding tomahawk
 t - 8 javelins (quivered)
 C - 14 tomahawks
Armour
 a - a +1 robe of cold resistance
 b - a +2 hat (worn)
 l - a +2 cloak (worn)
 n - a +1 pair of gloves (worn)
 r - a +0 pair of boots (worn)
 E - the +2 leather armour "Ovuor" (worn) {Int+5 Dex-4}
   (You found it on level 8 of the Dungeon)

   It affects your intelligence (+5).
   It affects your dexterity (-4).
 G - a troll hide {Snorg}
Magical Staves
 s - an uncursed staff of power
Jewellery
 h - an uncursed ring of protection from fire
 i - an uncursed ring of protection from fire
 p - a ring of protection from magic (right hand)
 A - an uncursed amulet of stasis
 D - a +6 ring of dexterity (left hand)
Wands
 m - a wand of draining (7)
 o - a wand of lightning (3)
 w - a wand of polymorph (8)
 y - a wand of magic darts (14)
 N - a wand of cold (5)
Scrolls
 g - 4 scrolls of remove curse
 q - 2 scrolls of amnesia
 B - a scroll of fear
 M - a scroll of teleportation
 O - a scroll of holy word {unknown}
Potions
 v - 4 potions of flight
 I - 2 potions of curing
 Q - a potion of lignification
Books
 c - a book of Maledictions

   Spells                             Type                      Level
   a - Corona                         Hexes                        1
   b - Ensorcelled Hibernation        Hexes/Ice                    2
   c - Confuse                        Hexes                        3
   d - Tukima's Dance                 Hexes                        3
   e - Dazzling Spray                 Conjuration/Hexes            3
Miscellaneous
 F - a phial of floods
 L - a sack of spiders
Comestibles
 d - 6 bread rations
 k - a royal jelly
 u - 5 meat rations
 x - a beef jerky
 z - 3 fruits
 J - a chunk of flesh


   Skills:
 + Level 6.1 Fighting
 - Level 12.5 Short Blades
 - Level 1.7 Dodging
 - Level 6.0 Stealth
 - Level 5.1 Spellcasting
 - Level 9.0 Conjurations
 - Level 8.1 Hexes


You had 10 spell levels left.
You knew the following spells:

 Your Spells              Type           Power        Failure   Level  Hunger
a - Dazzling Spray        Conj/Hex       ######..     1%          3    #......
b - Ensorcelled Hibernat  Hex/Ice        ####..       3%          2    None
c - Confuse               Hex            #####...     1%          3    #......
d - Tukima's Dance        Hex            #####...     1%          3    #......


Dungeon Overview and Level Annotations

Branches:
Dungeon (13/15)            Temple (1/1) D:5            Lair (0/8) D:10
    Orc (0/4) D:9
 Vaults: D:13-14

Altars:
Ashenzari
Cheibriados
Dithmenos
Elyvilon
Fedhas
Gozag
Kikubaaqudgha
Makhleb
Nemelex Xobeh
Okawaru
Qazlal
Ru
Sif Muna
Trog
Vehumet
Xom
Yredelemnul
Zin
The Shining One

Shops:
D:4 [   D:11 }[!:   D:12 =

Annotations:
D:3 godescalc's ghost, amateur CeWr
D:4 Menkaure
D:9 1 runed door


Innate Abilities, Weirdness & Mutations

You have a pair of small horns on your head.
You are mostly covered in large bone plates (AC +3, SH +3).
Your flesh is cold resistant.
You are mostly covered in sharp spines.
You are immune to freezing clouds.
Your mind is acute. (Int +2)
Your magical capacity is low (-10% MP).


Message History

The seven-headed hydra is struck by your spines.
The seven-headed hydra bites you but does no damage.
The seven-headed hydra bites you!
* * * LOW HITPOINT WARNING * * *
The seven-headed hydra bites you.
* * * LOW HITPOINT WARNING * * *
You block the seven-headed hydra's attack.
The seven-headed hydra barely misses you.
The seven-headed hydra bites you!
* * * LOW HITPOINT WARNING * * *
The seven-headed hydra bites you.
* * * LOW HITPOINT WARNING * * *
Drink which item? (? for menu, Esc to quit)
Okay, then.
The seven-headed hydra completely misses you.
The seven-headed hydra bites you but does no damage.
The seven-headed hydra bites you.
* * * LOW HITPOINT WARNING * * *
The seven-headed hydra bites you.
You die...

####...##.....# #.....
###.##......# #.....
#....^..._..# #.###.
##.###.#.....# #.# #.
#..# #.......###.###.
#..###.#.......).....
#......##.######.###.
#. #.#
#.##.####......รท.....
#. #.# #.##@#
########.####
#.###.#### #.##D# #...
#........# ##.##W#
##### #........#
#.....# .........#
#..#### #.......# #.?#
#.......# #..#
#....<..# #..#
#.......# #..#


You could see a seven-headed hydra and a wraith.

Vanquished Creatures
  Snorg (D:11)
  Fannar (D:12)
  2 hydras
  5 unseen horrors
  4 hill giants
  An ugly thing (D:13)
  A griffon (D:11)
  2 komodo dragons
  4 trolls
  4 slime creatures
  A wyvern (D:11)
  9 yaks
  2 deep elf magi
  A wraith (D:10)
  6 vampire mosquitoes
  2 hippogriffs
  4 ice beasts
  7 ogres
  4 centaurs
  6 orc warriors
  A boggart (D:9)
  5 sky beasts
  A crocodile (D:9)
  13 giant frogs
  2 big kobolds
  2 gnoll sergeants
  A water moccasin zombie (D:5)
  2 scorpions (D:9)
  3 killer bees
  8 wights
  3 jellies
  A centaur zombie (D:7)
  A crimson imp (D:13)
  13 orc wizards
  3 centaur skeletons
  5 orc priests
  8 hounds
  6 worker ants
  6 iguanas
  A sheep (D:13)
  2 hound skeletons
  A worker ant zombie (D:11)
  15 gnolls
  8 adders
  2 shadow imps
  An ooze (D:1)
  3 adder zombies
  An adder skeleton (D:9)
  3 worms (D:2)
  6 giant geckos
  57 orcs
  7 giant cockroaches
  10 hobgoblins
  13 jackals
  7 quokkas
  7 ball pythons
  7 bats
  3 giant newts
  9 goblins
  A jackal skeleton (D:5)
  16 kobolds
  2 quokka skeletons
  4 rats
337 creatures vanquished.

Vanquished Creatures (collateral kills)
  An orc (D:11)
1 creature vanquished.

Vanquished Creatures (others)
  10 plants (D:10)
10 creatures vanquished.

Grand Total: 348 creatures vanquished

Notes
Turn   | Place    | Note
--------------------------------------------------------------
     0 | D:1      | IcyTea the Demonspawn Enchanter began the quest for the Orb.
     0 | D:1      | Reached XP level 1. HP: 13/13 MP: 3/3
   126 | D:1      | Reached skill level 1 in Short Blades
   583 | D:1      | Gained mutation: Your flesh is cold resistant. [demonic ancestry]
   583 | D:1      | Reached XP level 2. HP: 19/19 MP: 5/5
   632 | D:1      | Learned a level 2 spell: Ensorcelled Hibernation
  1157 | D:1      | Reached XP level 3. HP: 5/24 MP: 3/6
  1645 | D:2      | Found a shadowy altar of Dithmenos.
  1651 | D:2      | Became a worshipper of Dithmenos the Shadowed
  1674 | D:2      | Reached skill level 4 in Hexes
  2039 | D:2      | Reached XP level 4. HP: 26/30 MP: 0/7
  2050 | D:2      | Learned a level 3 spell: Dazzling Spray
  2125 | D:2      | Reached * piety under Dithmenos
  2186 | D:2      | You fall through a shaft!
  2997 | D:3      | Reached XP level 5. HP: 35/35 MP: 8/8
  3002 | D:3      | Learned a level 3 spell: Confuse
  3125 | D:3      | Noticed godescalc's ghost (amateur CeWr)
  3513 | D:4      | Noticed Menkaure
  3526 | D:4      | Found Zetio's Armour Shop.
  3564 | D:4      | Found a bloodstained altar of Trog.
  3694 | D:4      | Reached ** piety under Dithmenos
  4147 | D:4      | Noticed an ogre
  4154 | D:4      | Killed an ogre
  4154 | D:4      | Reached XP level 6. HP: 41/41 MP: 4/9
  4400 | D:5      | Entered Level 5 of the Dungeon
  4418 | D:5      | Found a staircase to the Ecumenical Temple.
  4424 | Temple   | Entered the Ecumenical Temple
  5086 | D:5      | Reached skill level 5 in Short Blades
  5660 | D:5      | Gained mutation: You are partially covered in large bone plates (AC +2, SH +2). [demonic ancestry]
  5660 | D:5      | Reached XP level 7. HP: 15/46 MP: 10/10
  6012 | D:5      | Reached skill level 6 in Short Blades
  6333 | D:6      | Found a glowing golden altar of the Shining One.
  6341 | D:6      | Reached skill level 7 in Short Blades
  6361 | D:6      | Found a white marble altar of Elyvilon.
  6565 | D:6      | Gained mutation: You are immune to freezing clouds. [demonic ancestry]
  6565 | D:6      | Reached XP level 8. HP: 35/52 MP: 2/11
  6787 | D:6      | Reached skill level 8 in Short Blades
  7580 | D:5      | Reached *** piety under Dithmenos
  7639 | D:4      | Bought a +2 helmet of intelligence for 236 gold pieces
  7666 | D:4      | Reached skill level 9 in Short Blades
  7989 | D:7      | Found a sparkling altar of Nemelex Xobeh.
  8361 | D:8      | Reached skill level 10 in Short Blades
  8490 | D:8      | Got a heavily runed leather armour
  8501 | D:8      | Identified the +2 leather armour "Ovuor" {Int+5 Dex-4} (You found it on level 8 of the Dungeon)
  8513 | D:8      | Gained mutation: You have a pair of small horns on your head. [demonic ancestry]
  8513 | D:8      | Reached XP level 9. HP: 52/57 MP: 7/12
  8680 | D:8      | Found a blossoming altar of Fedhas.
  8729 | D:8      | Reached skill level 5 in Hexes
  9085 | D:8      | Found a burning altar of Makhleb.
  9121 | D:8      | Found a shattered altar of Ashenzari.
  9123 | D:8      | Found an ancient bone altar of Kikubaaqudgha.
  9125 | D:8      | Found a stormy altar of Qazlal.
  9126 | D:8      | Found a basalt altar of Yredelemnul.
  9128 | D:8      | Found a shimmering altar of Xom.
  9446 | D:9      | Found a staircase to the Orcish Mines.
  9504 | D:9      | Learned a level 3 spell: Tukima's Dance
  9652 | D:9      | Reached **** piety under Dithmenos
  9815 | D:9      | Found a glowing golden altar of the Shining One.
  9815 | D:9      | Found a runed door.
  9815 | D:9      | Noticed an angel
  9981 | D:9      | Reached skill level 5 in Stealth
 10222 | D:9      | HP: 1/57 [ogre/giant spiked club (21)]
 10534 | D:9      | Gained mutation: You are partially covered in sharp spines. [demonic ancestry]
 10534 | D:9      | Reached XP level 10. HP: 58/63 MP: 3/13
 10788 | D:9      | Found a sacrificial altar of Ru.
 10938 | D:10     | Entered Level 10 of the Dungeon
 11396 | D:10     | Found a staircase to the Lair.
 11634 | D:10     | Noticed a hill giant
 11655 | D:10     | Killed a hill giant
 11655 | D:10     | Reached skill level 5 in Spellcasting
 11760 | D:10     | Reached skill level 1 in Fighting
 11856 | D:10     | Killed an unseen horror
 12298 | D:11     | Noticed Snorg
 12301 | D:11     | Noticed a six-headed hydra
 12319 | D:11     | Killed a six-headed hydra
 12639 | D:11     | Killed Snorg
 12639 | D:11     | Reached skill level 11 in Short Blades
 12749 | D:11     | Noticed a hill giant
 12752 | D:11     | Found Wugis's Distillery.
 12754 | D:11     | Killed a hill giant
 12754 | D:11     | Gained mutation: You are mostly covered in large bone plates (AC +3, SH +3). [demonic ancestry]
 12754 | D:11     | Reached XP level 11. HP: 77/77 MP: 15/18
 12760 | D:11     | Bought a potion of curing for 48 gold pieces
 12760 | D:11     | Bought a potion of curing for 48 gold pieces
 12760 | D:11     | Bought a potion of heal wounds for 80 gold pieces
 12790 | D:11     | Killed an unseen horror
 13017 | D:11     | Noticed a griffon
 13023 | D:11     | Killed a griffon
 13023 | D:11     | Reached skill level 12 in Short Blades
 13199 | D:11     | Found Dehelel's Book Shop.
 13352 | D:11     | Killed an unseen horror
 13403 | D:11     | Reached skill level 1 in Conjurations
 13706 | D:11     | Found Ameu's Armour Shop.
 13708 | D:11     | Found Ofek Kup's Gadget Shoppe.
 14051 | D:12     | Noticed a hill giant
 14076 | D:12     | Reached skill level 5 in Conjurations
 14078 | D:12     | Gained mutation: You are dopey. (Int -2) [mutagenic meat]
 14079 | D:12     | Lost mutation: You are dopey. (Int -2) [potion of cure mutation]
 14080 | D:12     | Gained mutation: Your mind is acute. (Int +2) [mutagenic meat]
 14083 | D:12     | Gained mutation: Your magical capacity is low (-10% MP). [mutagenic meat]
 14425 | D:12     | Killed a hill giant
 14477 | D:12     | Killed an unseen horror
 14671 | D:12     | Noticed Fannar
 14678 | D:12     | Killed Fannar
 14725 | D:12     | Gained mutation: You are mostly covered in sharp spines. [demonic ancestry]
 14725 | D:12     | Reached XP level 12. HP: 83/83 MP: 9/17
 14757 | D:12     | Found Tuafyigg's Jewellery Emporium.
 15249 | D:13     | Found a snail-covered altar of Cheibriados.
 15514 | D:13     | Noticed a seven-headed hydra
 15521 | D:13     | Killed a seven-headed hydra
 15521 | D:13     | Reached skill level 5 in Fighting
 15544 | D:13     | HP: 3/86 [cyclops (27)]
 15838 | D:13     | Noticed a seven-headed hydra
 15930 | D:13     | HP: 4/88 [seven-headed hydra (2)]
 15930 | D:13     | Slain by a seven-headed hydra

Action                   |  1- 3 |  4- 6 |  7- 9 | 10-12 || total
-------------------------+-------+-------+-------+-------++-------
Melee: Short sword       |   144 |   140 |       |       ||   284
       Rapier            |       |   157 |   473 |   388 ||  1018
Throw: Tomahawk          |       |       |       |     1 ||     1
 Cast: Corona            |    11 |       |       |       ||    11
       Ensorcelled Hiber |    15 |    40 |    70 |    67 ||   192
       Confuse           |       |     2 |     4 |    24 ||    30
       Dazzling Spray    |       |       |       |    20 ||    20
Invok: Shadow Step       |       |       |       |     3 ||     3
Evoke: Wand              |       |       |     4 |       ||     4
  Use: Scroll            |     4 |     6 |     9 |     9 ||    28
       Potion            |     2 |     3 |    10 |     5 ||    20
 Stab: Sleeping          |    13 |    22 |    52 |    37 ||   124
       Confused          |       |     2 |       |    13 ||    15
       Distracted        |       |     1 |     2 |     2 ||     5
       Fleeing           |       |       |     1 |       ||     1
  Eat: Chunk             |     5 |    13 |    16 |    22 ||    56
       Beef jerky        |       |     1 |     1 |       ||     2
       Fruit             |       |       |     2 |       ||     2
